 Dungeon Crawl Stone Soup version 0.25.0-9-g26727b657a (webtiles) character file.

Game seed: 6650521385117022409

40 Esekla the Grasshopper (level 3, -4/20 HPs)
             Began as a Deep Elf Warper on June 20, 2020.
             Slain by a shadow imp (6 damage)
             ... on level 7 of the Dungeon.
             The game lasted 00:14:11 (2562 turns).

Esekla the Grasshopper (Deep Elf Warper)            Turns: 2562, Time: 00:14:11

Health: -4/20      AC:  0    Str:  8    XL:     3   Next: 30%
Magic:  8/9        EV: 13    Int: 17    God:
Gold:   38         SH:  0    Dex: 15    Spells: 4/8 levels left

rFire    . . .     SeeInvis .   a - +0 falchion
rCold    . . .     Gourm    .   (no shield)
rNeg     . . .     Faith    .   (no armour)
rPois    .         Spirit   .   (no helmet)
rElec    .         Reflect  .   (no cloak)
rCorr    .         Harm     .   (no gloves)
MR       .....                  (no boots)
Stlth    +.........             (no amulet)
HPRegen  0.06/turn              (no ring)
MPRegen  0.11/turn              (no ring)

@: no status effects
A: no striking features
a: no special abilities


You were on level 7 of the Dungeon.
You were near starving.

You visited 1 branch of the dungeon, and saw 5 of its levels.

You collected 38 gold pieces.

Inventory:

Hand Weapons
 a - a +0 falchion (weapon)
 n - a +0 short sword
Missiles
 e - 2 boomerangs of dispersal (quivered)
Scrolls
 b - a scroll of remove curse
 d - a scroll of blinking
 g - a scroll of enchant weapon {unknown}
 h - a scroll of teleportation
 l - a scroll of identify {unknown}
 m - a scroll of fog {unknown}
Potions
 c - 3 potions of brilliance {unknown}
 i - a potion of stabbing {unknown}
 j - a potion of lignification {unknown}
 k - a potion of haste {unknown}
 o - a potion of curing {unknown}
Comestibles
 f - 2 rations


   Skills:
 - Level 1.5 Fighting
 * Level 2.8 Long Blades
 + Level 1.0 Throwing
 - Level 0.7 Armour
 * Level 3.1 Dodging
 - Level 3.0 Spellcasting
 + Level 0.7 Charms
 + Level 3.4 Translocations


You had 4 spell levels left.
You knew the following spells:

 Your Spells              Type           Power        Failure   Level  Hunger
a - Shroud of Golubria    Chrm/Tloc      #.....       11%         2    ##.....
b - Blink                 Tloc           N/A          6%          2    ##.....

Your spell library contained the following spells:

 Spells                   Type           Power        Failure   Level  Hunger
 Gell's Gravitas          Tloc           ##........   13%         3    ###....
 Lesser Beckoning         Tloc           ##........   13%         3    ###....
 Teleport Other           Tloc           ##......     13%         3    ###....
 Passage of Golubria      Tloc           N/A          38%         4    ####...


Dungeon Overview and Level Annotations

Branches:
Dungeon (4/15)
 Temple: D:4-7

Altars:


Message History

The shadow imp barely misses you.
You hit the shadow imp but do no damage.
The shadow imp closely misses you.
You barely miss the shadow imp. The shadow imp hits you.
You closely miss the shadow imp. The shadow imp hits you.
You hit the shadow imp.
The shadow imp is heavily wounded.
The shadow imp hits you. The shadow imp misses you.
You hit the shadow imp.
The shadow imp is heavily wounded.
The shadow imp closely misses you.
You closely miss the shadow imp.
The shadow imp is heavily wounded.
The shadow imp gestures at you. Pain shoots through your body!
* * * LOW HITPOINT WARNING * * *
You hit the shadow imp.
The shadow imp is heavily wounded.
The shadow imp hits you.
You die...

.# .. #. .##
..# #.# #.# #@#
#5# #5# #Y# #..
##.###
##...####
####.####....#
#5ggggg..$##..#


You could see an ice beast and 2 shadow imps.

Vanquished Creatures
  An adder (D:2)
  An ooze (D:2)
  3 orcs
  A goblin (D:1)
  6 hobgoblins
  2 jackals (D:4)
  A quokka (D:1)
  A bat (D:1)
  2 frilled lizards (D:2)
  6 rats
24 creatures vanquished.

Notes
Turn   | Place    | Note
-------+----------+-------------------------------------------
     0 | D:1      | Esekla the Deep Elf Warper began the quest for the Orb.
     0 | D:1      | Reached XP level 1. HP: 12/12 MP: 6/6
   752 | D:2      | Reached XP level 2. HP: 16/16 MP: 8/8
   757 | D:2      | Learned a level 2 spell: Shroud of Golubria
   760 | D:2      | Learned a level 2 spell: Blink
  1498 | D:2      | Reached XP level 3. HP: 20/20 MP: 6/9
  1594 | D:3      | Noticed a scorpion
  2345 | D:4      | You fall into a shaft and drop 3 floors!
  2540 | D:7      | Noticed an ice beast
  2544 | D:7      | Noticed a sky beast
  2562 | D:7      | Slain by a shadow imp

Illustrated notes

Levels and vault maps discovered:
D:1:      lightli_arrival_farm, layout_loops_ring, kennysheep_nondescript,
          hangedman_decor_riveting
D:2:      minmay_spotlight, layout_basic, lemuel_blue_sif_altar
D:3:      layout_loops_cross, lemuel_doored_altar
D:4:      layout_rooms, first_ration, fedhas_altar_4
D:7:      layout_rooms, minitemple, serial_rivers,
          chequers_serial_rivers_small_b, chequers_serial_rivers_micro_e,
          chequers_serial_rivers_micro_b, chequers_serial_rivers_micro_a,
          chequers_serial_rivers_marsh, chequers_serial_rivers_micro_c,
          hangedman_decor_opposing, grunt_livestock, nrook_campfire

Skill      XL: |  1  2 |
---------------+-------+-----
Long Blades    | 2 |  2.8
Dodging        | 3 |  3.1
Fighting       | |  1.5
Throwing       | |  1.0
Armour         | |  0.7
Spellcasting   | |  3.0
Charms         | |  0.7
Translocations | |  3.4

Action                   || total
-------------------------++-------
Melee: Falchion          ||   118
Throw: Boomerang         ||     3
 Cast: Shroud of Golubri ||    20
       Blink             ||     5
  Use: Scroll            ||     4
 Stab: Sleeping          ||     1
  Eat: Chunk             ||     5
Dodge: Dodged            ||    78
       Rpst.: Falchion   ||    22
